Cogmind - Beta 14 @@@ ROGUE MODE // 2024.11.06 @ 13:26:03 Player: Shimmyarah Result: Self-destructed Performance ------------- Evolutions (1) 500 Regions Visited (3) 600 Robots Destroyed (13) 65 Value Destroyed (293) 293 Prototype IDs (0) 0 Alien Tech Used (0) 0 Bonus (200) 200 TOTAL SCORE: 1658 Bonus ------- Pacifist 200 Cogmind --------- Core Integrity 142/400 Matter 287/300 Energy 453/500 System Corruption 0% Temperature Cool (0) Movement Core (600) Ox11 Location -9/Materials Parts ------- > --- POWER (1) -------- Ion Engine > --- PROPULSION (3) --- (None) > --- UTILITY (3) ------ Large Storage Unit High-capacity Battery Terrain Scanner > --- WEAPON (2) ------- Particle Cannon > --- INVENTORY (15) --- Ion Engine Heavy Ion Engine Light Treads Light Treads Peak State ------------ > --- POWER ------------ Ion Engine > --- PROPULSION ------- Light Treads Light Treads Compact Wheel > --- UTILITY ---------- Large Storage Unit High-capacity Battery Terrain Scanner > --- WEAPON ----------- Improved Light Cannon EMP Blaster > --- INVENTORY -------- Ion Engine Compact Wheel Small Laser Small Laser [Rating: 11] Favorites ----------- Power Ion Engine Engine Ion Engine Propulsion Light Treads Treads Light Treads Wheel Compact Wheel Utility Large Storage Unit Device Terrain Scanner Storage Large Storage Unit Weapon Small Laser Energy Gun Small Laser Energy Cannon Particle Cannon Ballistic Cannon Improved Light Cannon Launcher EMP Blaster Build | -11 -10 -10 -9 ------- Run | Yrd Mat Min Mat Slots Evolved 2 | . . . 2 Power . | . . . . Propulsion 1 | . . . 1 Utility 1 | . . . 1 Weapon . | . . . . Parts Attached 18 | 6 1 . 11 Power 2 | 1 . . 1 Engine 2 | 1 . . 1 Core . | . . . . Reactor . | . . . . Propulsion 4 | 2 . . 2 Treads 2 | 2 . . . Leg . | . . . . Wheel 2 | . . . 2 Hover . | . . . . Flight . | . . . . Utility 4 | 1 1 . 2 Device 1 | . . . 1 Storage 3 | 1 1 . 1 Processor . | . . . . Hackware . | . . . . Protection . | . . . . Artifact . | . . . . Weapon 8 | 2 . . 6 Energy Gun 5 | 2 . . 3 Energy Cannon 1 | . . . 1 Ballistic Gun . | . . . . Ballistic Cannon 1 | . . . 1 Launcher 1 | . . . 1 Special Weapon . | . . . . Impact Weapon . | . . . . Slashing Weapon . | . . . . Piercing Weapon . | . . . . Special Melee Weapon . | . . . . Unidentified Prototypes . | . . . . Parts Lost 8 | . 1 . 7 Power 1 | . . . 1 Propulsion 2 | . . . 2 Utility . | . . . . Weapon 5 | . 1 . 4 Highest Loss Streak 4 | . 1 . 4 To Critical Strikes . | . . . . Average Slot Usage (%) 88 | . 94 85 89 Engine 12 | . 14 14 11 Treads 21 | . 28 28 16 Wheel 4 | . . . 7 Device 6 | . . . 11 Storage 24 | . 26 28 22 Energy Gun 15 | . 24 14 13 Ballistic Cannon 1 | . . . 3 Launcher 1 | . . . 2 Peak Build Rating 11 | 6 7 6 11 Average Rating 7 | 4 6 6 8 On Entrance 4 | . 6 6 6 Naked Turns . | . . . . Heaviest Build 38 | 13 33 31 38 Greatest Support 40 | 40 40 40 40 Greatest Overweight (x) 11 | . . . 11 Average Overweight (x) . | . . . . Largest Inventory Capacity 15 | 8 15 15 15 Average Capacity 14 | 7 14 15 15 Most Carried 6 | 5 4 4 6 Average Carried 3 | 2 3 4 3 Final Capacity 15 | 8 15 15 15 Final Carried 4 | 2 4 4 4 Class Distribution -------------------- 100% | Mutant Dominant Class ---------------- Mutant | -10/Materials Mutant | -10/Mines Mutant | -9/Materials Resources | -11 -10 -10 -9 ----------- Run | Yrd Mat Min Mat Matter Collected 418 | 256 . . 162 Remotely . | . . . . Salvage Created 437 | . . . 437 Parts 31 | . . . 31 Haulers Intercepted . | . . . . Recyclers Shooed 1 | . . . 1 Parts Field Recycled . | . . . . Retrieved Matter . | . . . . Parts Self-Destructed . | . . . . Prevented . | . . . . Kills | -11 -10 -10 -9 ------- Run | Yrd Mat Min Mat Combat Hostiles Destroyed 8 | . . . 8 Guns 4 | . . . 4 Cannons 2 | . . . 2 AOE 2 | . . . 2 Classes Destroyed 7 | . . . 7 Worker 1 | . . . 1 Builder 1 | . . . 1 Tunneler 1 | . . . 1 Recycler 1 | . . . 1 Watcher 1 | . . . 1 Swarmer 1 | . . . 1 Grunt 7 | . . . 7 Best Kill Streak 8 | . . . 8 Combat Bots Only 5 | . . . 5 Max Kills in Single Turn 2 | . . . 2 Gunslinging . | . . . . Exploded 1 | . . . 1 Melee . | . . . . Uniques/NPCs Destroyed . | . . . . Combat | -11 -10 -10 -9 -------- Run | Yrd Mat Min Mat Hostile Shots Fired 152 | . 22 . 130 Missed 43 | . 6 . 37 Damage Taken 1029 | . 183 . 846 Core 269 | . 11 . 258 Absorbed by Shields . | . . . . Core Remaining (%) 97 | 100 . 95 . Volleys Fired 47 | 1 1 . 45 Largest 2 | 2 2 . 2 Hottest 80 | 80 80 . 80 Shots Fired 71 | 2 2 . 67 Gun 45 | 2 2 . 41 Cannon 18 | . . . 18 Launcher 8 | . . . 8 Special . | . . . . Kinetic 12 | . . . 12 Thermal 49 | 1 1 . 47 Explosive . | . . . . Electromagnetic 10 | 1 1 . 8 Robot Hit Streak 7 | 2 1 . 7 Robot Miss Streak 4 | . 1 . 4 Penetration Max . | . . . . Secondary Targets . | . . . . Shots Hit Robots 42 | 2 1 . 39 Core Hits 20 | . . . 20 Critical Kills . | . . . . Critical Parts Destroyed . | . . . . Critical Strikes . | . . . . Melee Attacks . | . . . . Impact . | . . . . Slashing . | . . . . Piercing . | . . . . Sneak Attacks . | . . . . Combat Hostiles . | . . . . Follow-up Attacks . | . . . . Damage Inflicted 748 | 25 11 . 712 Guns 319 | 25 11 . 283 Cannons 204 | . . . 204 Explosions 207 | . . . 207 Melee . | . . . . Ramming 18 | . . . 18 Kinetic 121 | . . . 121 Thermal 395 | 10 11 . 374 Explosive . | . . . . Electromagnetic 214 | 15 . . 199 Impact . | . . . . Slashing . | . . . . Piercing . | . . . . Highest Corruption . | . . . . Average Corruption . | . . . . Corruption Purged . | . . . . Corruption Blocked . | . . . . Overload Shots . | . . . . Overflow Damage 1 | . . . 1 Projectiles 1 | . . . 1 Explosions . | . . . . Melee . | . . . . Knockbacks 1 | . . . 1 Impact . | . . . . Kinetic 1 | . . . 1 Secondary . | . . . . Self-Inflicted Damage 45 | . . . 45 Shots 2 | . . . 2 Rammed 2 | . . . 2 Targets Rammed 2 | . . . 2 Kicked . | . . . . Crushed . | . . . . Highest Temperature 110 | 18 18 . 110 Average Temperature 23 | 12 12 . 23 Received Heat Transfer 252 | . 96 . 156 Siege Activations . | . . . . Robots Corrupted . | . . . . Combat Hostiles . | . . . . Parts Fried . | . . . . Impact Corruptions . | . . . . Robots Melted . | . . . . Combat Hostiles . | . . . . Parts Melted 2 | . . . 2 Heat Transferred 898 | 25 25 . 848 Parts Sabotaged . | . . . . Parts Stolen . | . . . . Parts Stripped . | . . . . Power Chain Reactions 2 | . . . 2 Alert | -11 -10 -10 -9 ------- Run | Yrd Mat Min Mat Peak Influence 142 | . . . 142 Initial . | . . . . Average 25 | . . . 48 Maximum Alert Level . | . . . . Low Security (%) 100 | 100 100 100 100 Level 1 . | . . . . Level 2 . | . . . . Level 3 . | . . . . Level 4 . | . . . . Level 5 . | . . . . High Security . | . . . . Max Security . | . . . . Squads Dispatched 4 | . 1 . 3 Investigation 2 | . . . 2 Extermination . | . . . . Reinforcement 2 | . 1 . 1 Assault . | . . . . Garrison . | . . . . Intercept . | . . . . Searches Triggered . | . . . . Construction Impeded . | . . . . Haulers Reinforced . | . . . . Active Scanning Responses . | . . . . Cargo Convoy Interrupts . | . . . . Stealth | -11 -10 -10 -9 --------- Run | Yrd Mat Min Mat Distress Signals 2 | . . . 2 Communications Jammed . | . . . . Distress Signals . | . . . . Times Spotted 23 | . 3 . 20 Peak Tracking Total 7 | . 2 . 7 Tactical Retreats 1 | . . . 1 Traps | -11 -10 -10 -9 ------- Run | Yrd Mat Min Mat Traps Triggered 1 | . . . 1 Indirectly . | . . . . Trap Hack Attempts . | . . . . Triggered . | . . . . Disarmed . | . . . . Reprogrammed . | . . . . Reused . | . . . . Traps Extracted . | . . . . Installed . | . . . . Triggered . | . . . . Machines | -11 -10 -10 -9 ---------- Run | Yrd Mat Min Mat Machines Disabled 1 | . . . 1 Max in Single Turn 1 | . . . 1 Machines Repaired . | . . . . Machines Dismantled . | . . . . Machines Sabotaged . | . . . . Overloaded Fab Kills . | . . . . Hacking | -11 -10 -10 -9 --------- Run | Yrd Mat Min Mat Machines Accessed 2 | . . . 2 Terminals 2 | . . . 2 Fabricators . | . . . . Repair Stations . | . . . . Recycling Units . | . . . . Scanalyzers . | . . . . Garrison Access . | . . . . Total Hacks 4 | . . . 4 Successful . | . . . . Failed 4 | . . . 4 Catastrophic 1 | . . . 1 Database Lockouts . | . . . . Manual 3 | . . . 3 Terminals 4 | . . . 4 Fabricators . | . . . . Repair Stations . | . . . . Recycling Units . | . . . . Scanalyzers . | . . . . Garrison Access . | . . . . Terminal Hacks . | . . . . Fabricator Hacks . | . . . . Repair Station Hacks . | . . . . Recycling Unit Hacks . | . . . . Scanalyzer . | . . . . Garrison Access Hacks . | . . . . Unauthorized Hacks . | . . . . Terminals . | . . . . Fabricators . | . . . . Repair Stations . | . . . . Recycling Units . | . . . . Scanalyzers . | . . . . Garrison Access . | . . . . Data Cores Recovered . | . . . . Used . | . . . . Hacking Detections 2 | . . . 2 Full Trace Events 1 | . . . 1 Feedback Events . | . . . . Feedback Blocked . | . . . . Robot Schematics Acquired . | . . . . Robots Built . | . . . . Authchips . | . . . . Time . | . . . . Total Robot Build Rating . | . . . . Part Schematics Acquired . | . . . . Parts Built . | . . . . Authchips . | . . . . Time . | . . . . Total Part Build Rating . | . . . . Parts Repaired . | . . . . Time . | . . . . Parts Recycled . | . . . . Recycled Matter . | . . . . Retrieved Matter . | . . . . Retrieved Components . | . . . . Parts Scanalyzed . | . . . . Part Schematics Acquired . | . . . . Parts Damaged . | . . . . Bothacking | -11 -10 -10 -9 ------------ Run | Yrd Mat Min Mat Used RIF Installer . | . . . . Robots Hacked . | . . . . Non-combat . | . . . . Combat . | . . . . Robot Hacks Applied . | . . . . Relay Couplers Released . | . . . . Fabnet Peak Effective % . | . . . . Robots Rewired . | . . . . Allies Hacked . | . . . . Hacks Repelled . | . . . . Allies | -11 -10 -10 -9 -------- Run | Yrd Mat Min Mat Total Allies . | . . . . Largest Group . | . . . . Highest-Rated Group . | . . . . Highest-Rated Ally . | . . . . Total Orders . | . . . . Ally Attacks . | . . . . Total Damage . | . . . . Kills . | . . . . Allies Corrupted . | . . . . Allies Melted . | . . . . Intel | -11 -10 -10 -9 ------- Run | Yrd Mat Min Mat Robot Analysis Total . | . . . . Derelict Logs Recovered . | . . . . Drone Launches . | . . . . Drone Recoveries . | . . . . Exploration | -11 -10 -10 -9 ------------- Run | Yrd Mat Min Mat Turns Passed 1062 | 65 156 280 561 Spaces Moved 593 | 38 94 176 285 Core 13 | 10 . . 3 Treads 471 | 28 94 176 173 Legs . | . . . . Wheels 109 | . . . 109 Hover . | . . . . Flight . | . . . . Fastest Speed 50 | 50 160 160 115 Average Speed 151 | 131 160 160 147 Slowest Speed 600 | 160 160 160 600 Overloaded Moves . | . . . . Propulsion Burnouts . | . . . . Robots Hopped . | . . . . Cave-ins Triggered . | . . . . Exploration Rate (%) 18 | 4 22 28 21 Regions Visited 3 Branch Regions 1 Pre-discovered Areas . | . . . . Known Exits Taken . | . . . . Unknown Exits Taken 3 | 1 1 1 . Scrap Searched . | . . . . Spaces Dug . | . . . . Terrain Destroyed 4 | . . . 4 Melee . | . . . . Projectile . | . . . . AOE 4 | . . . 4 Terrain Rammed . | . . . . Walls Destroyed . | . . . . Machines Disabled . | . . . . Actions | -11 -10 -10 -9 --------- Run | Yrd Mat Min Mat Total 678 | 51 98 175 354 Wait . | . . . . Move 590 | 37 93 175 285 Hop . | . . . . Pick Up 18 | 7 3 . 8 Fast Attach 1 | 1 . . . Attach 14 | 5 1 . 8 Detach 1 | . . . 1 Swap 3 | . . . 3 Drop 2 | . . . 2 Fire 47 | 1 1 . 45 Melee . | . . . . Ram 2 | . . . 2 Kick . | . . . . Crush . | . . . . Escape Stasis . | . . . . Rewire . | . . . . Trap . | . . . . Miscellaneous . | . . . . Route ------- -11/Scrapyard -10/Materials -10/Mines -9/Materials History --------- Turn | Location | Event 11 | -11/Scrapyard | Discovered new exit (range 13) 66 | -11/Scrapyard | Entered Materials 206 | -10/Materials | Discovered new exit (range 10) 222 | -10/Materials | Entered Mines 310 | -10/Mines | Build established: Mutant 393 | -10/Mines | Assembled infested the area 398 | -10/Mines | Assisted by a Guerilla fighting off Assembled 474 | -10/Mines | Discovered new exit (range 14) 502 | -10/Mines | Entered Materials 502 | -9/Materials | Evolved 2 slots: Propulsion x1, Utility x1 1049 | -9/Materials | Core integrity fell below 50% 1063 | -9/Materials | Self-destructed Last Messages --------------- 00968_ G-34 Mercenary destroyed. 00972_ Com. Wheel destroyed. 00980_ M-13 Machinist repairs W-16 Scout. 00983_ Flight Unit melted. 00983_ S-10 Pest destroyed. 00993_ Acquired 10 matter. 01013_ S-10 Pest destroyed. 01017_ Acquired Particle Cannon. 01021_ Slammed into S-10 Pest. 01021_ S-10 Pest destroyed. 01022_ Acquired 6 matter. 01023_ Sml. Laser destroyed. 01025_ Com. Wheel destroyed. 01026_ S-10 Pest destroyed. 01036_ Ion Engine destroyed. 01038_ Sml. Laser destroyed. 01041_ Destroyed Flight Unit. 01049_ Slammed into S-10 Pest. 01052_ K-01 Serf collects debris. 01061_ S-10 Pest destroyed. Map ----- +----------------------------------------------------+ | ????????????????????????????????????# ## | | ????????????????????????????????????+ ## | | ?????????????????????????????????? ?# ^ ## | | ????????????????????????????? ?? ???# ## | | ??????????????????????????????????? # ^ ### | | ????????????????????????????????????# ^ ^ """ #?? | | ?????????????????????????????#+###### """ #?? | | ???????????????????????????### ^""" #?? | | ???????????????????????????? #?? | | ??????????????????????????#### % ^!%= #?? | | ??????????????????????????#""" * !!= ##? | | ??????????????????????????#"R % !![ #?# | | ??????????????????????????#""" !! #?? | | ?????????????????????#???????# #?? | | ??????????????????? ?????????# [ = #?? | | ???????????????????????# ##### #""T""##### #?? | | ???????????????? + #"""""#??## !!##? | | ???????????????????????# ######/########?## =%= ## | | ?????????????????#??#+##??# #???#?# %= #? | | ????????????????????? ?# =% #???#?# ## | | ??????????????????#?? ?# """* #??#?## #? | | ????????????? ???????? ?# """"" #????## ## | | ??????????????????????? % + """"" #??### ### | | ??????????????????????##m## %""""" #### !|!# | | ??????????????????????# # s """ #?## %=*%# | | ???????????????? ???#?# @s % #?## * %# | | ??????????????? ??????# ###########??# !!/ | | ??????????????????????# #????????????# # | | ??????????????????????# #???????????## !* # | | ??????????????? ??#???# #??????#?#???# # | | ???????????? ?????????# #?#?##????#??# # | | ??????????????????????#####??????????#?########### | | ?????????????????????????????????#????#???????#??# | | ???????????????????????????????????????????####### | | ???????????????????????????????????????????# | | ??????????????????????????#??#???????#????## """ | | ??????????????????#?????????????????????#?## """ | | ????????????????????????????#??????????????# """ | | ??????????????????????????????????????#????# | | ???????????????????????????????????????????# | | ???????????????????????????????????????????####### | | ??????????????????????????????????????????????#??? | | ?????????????????????????????????????????????????? | | ?????????????????????????????????????????????????? | | ?????????????????????????????????????????????????? | | ?????????????????????????????????????????????????? | | ?????????????????????????????????????????????????? | | ?????????????????????????????????????????????????? | | | | | +----------------------------------------------------+ Best States ------------- Heat Dissipation 28 Energy Generation 10 Energy Capacity 500 Matter Stores 300 Matter Capacity 300 Sight Range 16 Terrain Scan Range 14 Terrain Scan Density 10 Evasion (%) 50 Recoil Reduction 2 Item Schematics ----------------- None Robot Schematics ------------------ None Fabricated ------------ Nothing Alien Tech Used ----------------- None Achievements -------------- None Challenges ------------ None Game ------ Seed SpreadPhysicsChainsaw Manual? 0 Play Time 00:13:13 Cumulative 10.8 hours Start 2024.11.06 @ 13:11:05 End 2024.11.06 @ 13:26:03 Sessions 1 Manual Loads 0 Difficulty Rogue Special Mode None Game No. 27 Rogue 27 Adventurer 0 Explorer 0 Win Type - Total 0 Types 0/0/0/0/0/0/0/0/0 Lore% 6 Gallery% 12 Achievement% 11 Wizard Run 0 Options --------- Layout 1 ASCII 0 Keyboard 0 Movement Arrows Keybinds 0 Fullscreen 1 Font 24/Smallcaps Map View 50x40 Zoom Use 3% Tactical HUD 1 Map Filters NONE Filters NONE Steam 1 RUN: 514cf257-a689-4b4e-b6c2-fcf973fe99c8